 Dungeon Crawl Stone Soup version 0.30.1-11-g7821555f0a (webtiles) character file.

Game seed: 964749683237084797

24201 Adjacent the Placeless Human (level 13, -3/100 HPs)
             Began as a Human Cinder Acolyte on Jan 11, 2024.
             Was an Initiate of Wu Jian.
             Slain by a skeletal warrior
             ... wielding a +0 hand axe of electrocution
              (9 damage)
             ... on level 13 of the Dungeon.
             The game lasted 02:16:50 (22837 turns).

Adjacent the Placeless Human (HuCA)                Turns: 22837, Time: 02:16:51

Health: -3/100     AC: 14    Str: 15    XL:     13   Next: 41%
Magic:  19/19      EV: 13    Int: 15    God:    Wu Jian [......]
Gold:   812        SH: 10    Dex: 13    Spells: 15/20 levels left

rFire   + . .        Y - +0 scimitar (flame)
rCold   + . .        H - +0 kite shield {rF+}
rNeg    . . .        g - +0 troll leather armour
rPois   .            (no helmet)
rElec   .            z - +2 cloak
rCorr   .            (no gloves)
SInv    .            b - +2 pair of boots
Will    .....        (no amulet)
Stlth   +            y - +4 ring of protection
HPRegen 1.16/turn    R - ring of protection from cold
MPRegen 0.16/turn

%: no passive effects
@: about to teleport
A: no striking features
a: Renounce Religion


You were on level 13 of the Dungeon.
You worshipped Wu Jian.
Wu Jian was noncommittal.
You visited 3 branches of the dungeon, and saw 17 of its levels.
You also visited: Ossuary.

You collected 812 gold pieces.

Inventory:

Hand Weapons
 Y - a +0 scimitar of flaming (weapon)
Missiles
 a - 6 javelins
 m - 3 throwing nets
 n - 10 poisoned darts (quivered)
Armour
 b - a +2 pair of boots (worn)
 g - a +0 troll leather armour (worn)
 z - a +2 cloak (worn)
 D - a +1 ring mail of positive energy
 H - a +0 kite shield of fire resistance (worn)
Jewellery
 h - a ring of protection from fire
 u - an amulet of the acrobat
 y - a +4 ring of protection (left hand)
 C - a ring of ice
 K - an amulet of reflection
 R - a ring of protection from cold (right hand)
Wands
 G - a wand of roots (6)
 M - a wand of digging (5)
 N - a wand of mindburst (2)
 O - a wand of polymorph (6)
 P - a wand of charming (3)
 Q - a wand of flame (9)
Scrolls
 e - 5 scrolls of fear {unknown}
 j - 4 scrolls of enchant weapon
 k - a scroll of immolation {unknown}
 l - 2 scrolls of vulnerability {unknown}
 p - a scroll of poison {unknown}
 q - a scroll of brand weapon {unknown}
 r - 2 scrolls of fog {unknown}
 s - 3 scrolls of enchant armour {unknown}
 w - 3 scrolls of teleportation
 B - 2 scrolls of torment {unknown}
 T - 4 scrolls of identify
 V - 2 scrolls of amnesia {unknown}
Potions
 c - 3 potions of mutation
 d - 5 potions of curing
 f - a potion of lignification
 t - 2 potions of haste
 x - a potion of cancellation
 A - 4 potions of flight
 E - 4 potions of brilliance
 J - 2 potions of magic
 S - 3 potions of attraction
 U - a potion of ambrosia {unknown}
 W - a potion of berserk rage {unknown}
 X - a potion of experience {unknown}


   Skills:
 - Level 8.9 Fighting
 * Level 9.8 Long Blades
 - Level 3.0 Maces & Flails
 - Level 1.1 Throwing
 - Level 8.5 Dodging
 - Level 1.0 Stealth
 - Level 8.7 Shields
 - Level 4.0 Spellcasting
 - Level 10.0 Translocations
 - Level 6.0 Fire Magic
 - Level 4.4 Evocations


You had 15 spell levels left.
You knew the following spells:

 Your Spells              Type           Power      Damage    Failure   Level
a - Scorch                Fire           42%        2d6       7%          2
b - Volatile Blastmotes   Fire/Tloc      54%        2d14      6%          3

Your spell library contained the following spells:

 Spells                   Type           Power      Damage    Failure   Level
 Necrotise                Necr           12%        1d4       47%         1
 Shock                    Conj/Air       12%        1d3       47%         1
 Sting                    Tmut/Pois      12%        1d3       47%         1
 Iskenderun's Mystic Bla  Conj/Tloc      18%        2d6       56%         4
 Cigotuvi's Dreadful Rot  Necr/Pois/Air  6%         N/A       63%         2
 Poisonous Vapours        Pois/Air       6%         N/A       63%         2
 Dazzling Flash           Conj/Hex       6%         N/A       85%         3
 Ozocubu's Armour         Ice            3%         N/A       85%         3
 Stone Arrow              Conj/Erth      6%         3d7       85%         3
 Swiftness                Air            3%         N/A       85%         3
 Vampiric Draining        Necr           3%         2d6       85%         3
 Airstrike                Air            1%         2d(1-17)  99%         4
 Animate Armour           Summ/Erth      6%         N/A       99%         4
 Agony                    Necr           3%         N/A       100%        5
 Metabolic Englaciation   Hex/Ice        1%         N/A       100%        5
 Simulacrum               Ice/Necr       1%         N/A       100%        6
 Starburst                Conj/Fire      6%         6d4       100%        6
 Lehudib's Crystal Spear  Conj/Erth      1%         10d2      100%        8


Dungeon Overview and Level Annotations

Branches:
Dungeon (15/15)            Temple (1/1) D:6            Lair (1/5) D:9
    Orc (0/2) D:11        Ossuary (visited)
 Vaults: D:13-14     Depths: D:15

Altars:
Ashenzari
Cheibriados
Dithmenos
Elyvilon
Fedhas
Gozag
Hepliaklqana
Kikubaaqudgha
Nemelex Xobeh
Okawaru
Qazlal
Ru
Sif Muna
Trog
Uskayaw
Vehumet
Wu Jian
Xom
Yredelemnul
Zin
The Shining One

Shops:
D:2 ?

Annotations:
D:3 Grinder
D:6 3 runed translucent doors, AberrantSnake's ghost, novice TeCj
D:10 Josephine
D:11 Psyche
D:12 Jorgrun; Nergalle


Message History

You block the skeletal warrior's attack.
Things that are here:
a +1 dagger of venom; 4 curare-tipped darts You barely miss the skeletal warrior.
The skeletal warrior hits you with a +0 hand axe of electrocution.
You are electrocuted!
You slash the skeletal warrior! You burn the skeletal warrior!
The skeletal warrior is moderately damaged.
The skeletal warrior hits you with a +0 hand axe of electrocution!!
The skeletal warrior attacks as you move away!
The skeletal warrior hits you with a +0 hand axe of electrocution!
You block the skeletal warrior's attack.
Keep disrobing? [Y]es or [N]o only, please.
Keep disrobing?
You start removing your amulet.
You continue taking off your amulet of reflection.
You block the skeletal warrior's attack. x2
You continue taking off your amulet of reflection.
You block the skeletal warrior's attack. x2
You continue taking off your amulet of reflection.
You block the skeletal warrior's attack.
You continue taking off your amulet of reflection.
The skeletal warrior hits you but does no damage.
The skeletal warrior barely misses you.
You finish taking off your amulet of reflection.
The skeletal warrior attacks as you move away!
The skeletal warrior hits you with a +0 hand axe of electrocution!
You are electrocuted!!
* * * LOW HITPOINT WARNING * * *
As you read the scroll of teleportation, it crumbles to dust.
You feel strangely unstable.
The skeletal warrior hits you from afar with a +0 glaive!!
* * * LOW HITPOINT WARNING * * *
You block the skeletal warrior's attack.
The skeletal warrior barely misses you.
You block the skeletal warrior's attack.
You block the skeletal warrior's attack.
The skeletal warrior hits you with a +0 hand axe of electrocution!
You die...

#....##.#..<....###*****,*,
##....##.#.[....)#**,,,,,,,,
**
#........#.###...##,,,,,<,,,
,*
#......#..(.........,,,,,,,,
,*
#..................#<,,,,,,,
,*
#....)###......#.#..,,,,,,,,
,* #.....#
#...$.......,,,,,,,, ,*
#.....# #..........,,,,,,,,,
,** #.....#
#..@...#.##*,,,,,,** ,,*
#.....####.z......###*,*..,*
,,*
#.....##oz.#.####...,...c...
,,* #..).(##o###.#
*#.#*#...... ,,*
#..#).)oz#*,.# #.###...#..
*,* *#..#######*,##
#.#........ *,**#..#* *,,*
#.#.#...... *,,z...* *,**
#.(.......# *,##o##* **,*
#.........#


You could see 3 skeletal warriors, an orc wizard and 2 orcs.

Vanquished Creatures
  Fannar (D:10)
  4 centaur warriors
  2 two-headed ogres
  Erica (D:11)
  A boulder beetle (D:10)
  Sonja (D:13)
  A manticore (D:11)
  3 cyclopes
  7 centaur zombies (D:10)
  A cane toad (Lair:1)
  An unseen horror zombie (D:10)
  2 kobold demonologists
  3 komodo dragons
  A tengu conjurer (D:13)
  4 trolls
  3 hornets
  A raiju (shapeshifter) (D:14)
  Sigmund (D:6)
  A centaur simulacrum (D:11)
  2 vampires
  3 shadows
  6 wraiths
  10 fire elementals
  3 steam dragons
  18 yaks
  4 vampire mosquitoes
  Edmund (D:6)
  2 water moccasins (Lair:1)
  An ice beast (D:6)
  3 orc warriors (D:11)
  2 sky beasts (D:7)
  2 ogres (D:6)
  6 centaurs
  3 kobold brigands
  3 phantoms
  5 bullfrogs
  2 scorpions
  2 gnoll sergeants
  8 wights
  2 water moccasin zombies (Ossuary)
  9 killer bees
  An electric eel (Lair:1)
  4 howler monkeys
  11 orc priests
  6 hounds
  A gnoll bouda (D:5)
  5 iguanas
  5 sleepcaps
  12 orc wizards
  2 mummies (Ossuary)
  19 gnolls
  8 adders
  2 white imps
  2 ufetubi (D:6)
  9 adder zombies (Ossuary)
  4 dart slugs
  42 orcs
  5 endoplasms
  2 giant cockroaches
  7 goblins
  9 hobgoblins
  4 quokkas
  7 ball pythons
  7 bats
  3 frilled lizards
  3 gnoll zombies (Ossuary)
  2 goblin zombies (D:8)
  3 hobgoblin zombies (Ossuary)
  19 kobolds
  6 kobold zombies (Ossuary)
  3 orc zombies (Ossuary)
  2 rats
351 creatures vanquished.

Vanquished Creatures (collateral kills)
  3 yaks (Lair:1)
  3 centaurs (D:13)
6 creatures vanquished.

Vanquished Creatures (others)
  An orc wizard (D:6)
  An orc (D:8)
  37 foxfires (D:10)
39 creatures vanquished.

Grand Total: 396 creatures vanquished

Notes
Turn   | Place    | Note
-------+----------+-------------------------------------------
     0 | D:1      | Adjacent the Human Cinder Acolyte began the quest for the
                  | Orb.
     0 | D:1      | Reached XP level 1. HP: 18/18 MP: 2/2
   275 | D:1      | Reached XP level 2. HP: 20/24 MP: 4/4
   429 | D:1      | Learned a level 2 spell: Scorch
   790 | D:1      | Reached XP level 3. HP: 29/29 MP: 5/5
   994 | D:1      | Reached XP level 4. HP: 18/35 MP: 0/7
  1454 | D:2      | Reached XP level 5. HP: 41/41 MP: 8/8
  1462 | D:2      | Reached skill level 5 in Fire Magic
  1608 | D:2      | Found Eruojef's Magic Scroll Shoppe.
  2188 | D:3      | Reached skill level 1 in Dodging
  2575 | D:3      | Found a glowing golden altar of the Shining One.
  2840 | D:3      | Noticed Grinder
  3139 | D:4      | Reached XP level 6. HP: 47/47 MP: 4/9
  3634 | D:4      | Learned a level 3 spell: Volatile Blastmotes
  3858 | D:5      | Entered Level 5 of the Dungeon
  3996 | D:5      | Found an ancient bone altar of Kikubaaqudgha.
  4005 | D:5      | Reached XP level 7. HP: 52/52 MP: 0/11
  4033 | D:5      | Found an iron altar of Okawaru.
  4182 | D:4      | Reached skill level 1 in Stealth
  4315 | D:4      | Reached skill level 1 in Translocations
  4488 | D:5      | Identified the +4 spear of Thoughtfulness {flame, Fragile
                  | Will++ rCorr Dex+2}
  4636 | D:5      | Reached skill level 2 in Translocations
  4774 | D:5      | Reached XP level 8. HP: 53/59 MP: 13/13
  5087 | D:5      | Reached skill level 3 in Translocations
  5627 | D:6      | Noticed Edmund
  5642 | D:6      | Killed Edmund
  5643 | D:6      | Reached skill level 4 in Translocations
  5755 | D:6      | Found a runed translucent gate.
  5756 | D:6      | Found a runed translucent gate.
  5757 | D:6      | Found a runed translucent gate.
  5758 | D:6      | Noticed a spectral unseen horror
  5758 | D:6      | Noticed AberrantSnake's ghost (novice TeCj)
  5758 | D:6      | Noticed a spectral unseen horror
  6015 | D:6      | Found a staircase to the Ecumenical Temple.
  6038 | D:6      | Noticed Sigmund
  6276 | D:6      | Reached XP level 9. HP: 66/66 MP: 10/15
  6439 | D:6      | Reached skill level 5 in Translocations
  6495 | D:6      | Reached skill level 5 in Fighting
  6959 | D:6      | Reached skill level 5 in Dodging
  6959 | D:6      | Reached skill level 6 in Translocations
  7371 | D:6      | Killed Sigmund
  7540 | D:6      | Reached skill level 7 in Translocations
  8012 | D:7      | Reached XP level 10. HP: 73/76 MP: 16/16
  8035 | D:7      | Found a hide-covered altar of Uskayaw.
  8256 | D:7      | Identified the +2 dagger "Ishrouxit" {venom, Str+3}
  8301 | D:7      | Got the Essays on Filth
  8790 | D:7      | Found a shimmering blue altar of Sif Muna.
  8795 | D:7      | Found an opulent altar of Gozag.
  8804 | D:7      | Reached skill level 8 in Translocations
  8810 | D:7      | Found a broken altar of Ashenzari.
  8812 | D:7      | Found a sacrificial altar of Ru.
  8812 | D:7      | Found a sparkling altar of Nemelex Xobeh.
  8896 | D:8      | Found a stormy altar of Qazlal.
  8926 | D:8      | Found a sand-covered staircase.
  8974 | Ossuary  | Entered an ossuary
  9379 | D:8      | You fall into a shaft and drop 3 floors!
  9386 | D:11     | Noticed a kobold demonologist
  9429 | D:11     | Noticed a sun demon
  9429 | D:11     | Killed a kobold demonologist
  9482 | D:11     | Noticed a manticore
  9482 | D:11     | Noticed Erica
  9493 | D:10     | Entered Level 10 of the Dungeon
 10082 | D:8      | Reached skill level 9 in Translocations
 10109 | D:7      | Reached XP level 11. HP: 25/86 MP: 2/17
 10511 | D:7      | Found a shadowy altar of Dithmenos.
 10959 | D:8      | Found a radiant altar of Vehumet.
 11394 | D:9      | Reached skill level 1 in Long Blades
 11405 | D:9      | Reached skill level 1 in Evocations
 11672 | D:9      | Found a basalt altar of Yredelemnul.
 12381 | D:10     | Noticed a boulder beetle
 13786 | D:9      | Found a staircase to the Lair.
 13980 | D:11     | Noticed Fannar
 14025 | D:10     | Killed Fannar
 14026 | D:10     | Reached skill level 1 in Shields
 14196 | D:11     | Killed a manticore
 14197 | D:11     | Reached XP level 12. HP: 64/94 MP: 9/18
 14297 | D:11     | Reached skill level 1 in Throwing
 14326 | D:11     | Noticed Josephine
 14633 | D:10     | Killed a boulder beetle
 14970 | D:10     | Reached skill level 10 in Translocations
 15548 | D:11     | Reached skill level 5 in Shields
 15749 | D:11     | Noticed a two-headed ogre
 15908 | D:11     | Killed Erica
 17271 | Lair:1   | Entered Level 1 of the Lair of Beasts
 17712 | Lair:1   | HP: 4/87 [poisoned by a cane toad]
 18234 | Temple   | Entered the Ecumenical Temple
 18545 | D:11     | Killed a two-headed ogre
 18727 | D:11     | Noticed Psyche
 18997 | Temple   | Fell from the grace of Ignis
 18997 | Temple   | Became a worshipper of the Wu Jian Council
 19400 | D:11     | Reached skill level 5 in Long Blades
 19694 | D:11     | Noticed a boulder beetle
 20260 | D:12     | Noticed Nergalle
 20297 | D:11     | Found a staircase to the Orcish Mines.
 20486 | D:11     | Reached XP level 13. HP: 100/100 MP: 19/19
 20658 | D:10     | You fall into a shaft and drop 3 floors!
 20953 | D:13     | Noticed a centaur warrior
 20969 | D:13     | Killed a centaur warrior
 21002 | D:13     | You fall into a shaft and drop 2 floors!
 21002 | D:15     | Entered Level 15 of the Dungeon
 21263 | D:15     | HP: 4/150 [fire elemental[the fiery vengeance of Ignis]
                  | (9)]
 21719 | D:15     | Noticed a centaur warrior
 21735 | D:15     | Killed a centaur warrior
 22163 | D:14     | Was forgiven by Ignis
 22427 | D:14     | Noticed a centaur warrior
 22437 | D:14     | Killed a centaur warrior
 22719 | D:12     | Noticed Jorgrun
 22747 | D:13     | Noticed a centaur warrior
 22751 | D:13     | Killed a centaur warrior
 22753 | D:13     | Noticed Sonja
 22801 | D:13     | Killed Sonja
 22835 | D:13     | HP: 4/100 [skeletal warrior/+0 glaive (18)]
 22837 | D:13     | Slain by a skeletal warrior

Illustrated notes

Levels and vault maps discovered:
D:1:      tekkud_arrival_beachfront_property, layout_basic
D:2:      minmay_razor_zed, layout_rooms, serial_shops, nicolae_shop_trees,
          kennysheep_generic_room_2
D:3:      layout_basic, mainiacjoe_overflow_24_doors, makhleb_altar_promises_db,
          serial_park_tiny_2, amcnicky_mini_corridor_feature, kennysheep_donut,
          uniq_grinder
D:4:      layout_gridville, dreamdust_gnoll_farm
D:5:      layout_rooms, kiku_gazebo_pond_becter, okawaru_ov_weapons_minmay
D:6:      nicolae_whirlpool, layout_loops_cross,
          minmay_temple_entry_gardened_gates, gammafunk_ghost_necromancy,
          minmay_increasing_density, uniq_sigmund, uniq_edmund
D:7:      layout_gridville, nicolae_overflow_hidden_temple,
          mainiacjoe_overflow_catwalk, minitemple
D:8:      layout_basic, nicolae_qazlal_general_emergency,
          nicolae_vehumet_altar_sigil, enter_ossuary_4, serial_glass,
          glass_columns_a, glass_columns_b
D:9:      layout_rooms, lemuel_doored_altar, david_lair_shrubbed, billiards_dpeg
D:10:     layout_stronghold, serial_undead, serial_undead_a, serial_undead_e,
          serial_undead_b, serial_undead_d
D:11:     cheibrodos_fzero, layout_basic, david_orc_1_choice, zin_academy,
          uniq_fannar, uniq_josephine, uniq_erica, uniq_psyche
D:12:     layout_gridville, gammafunk_ghost_fury_of_okawaru, uniq_jorgrun,
          uniq_nergalle
D:13:     layout_rooms, grunt_vaults_entry_fortified, serial_shops,
          kennysheep_mini, uniq_sonja
D:14:     layout_loops_ring, uniq_kirke
D:15:     gammafunk_enter_depths_forms, layout_loops_corners, chequers_jeans,
          hellmonk_ghost_happy_afterlife, grunt_decor_one_mirror,
          hangedman_cracks_in_the_wall
Temple:   nicolae_temple_colour_theory
Lair:1:   layout_small_grid, serial_bayou_shore_a, grunt_megastairs_4,
          serial_bayou_shore_b

Skill      XL: |  1  2  3  4  5  6  7  8  9 10 11 12 13 |
---------------+----------------------------------------+-----
Spellcasting   | 2 3 4 |  4.0
Fire Magic     | 4 5 6 |  6.0
Dodging        | 1 2 3 4 5 7 8 |  8.5
Stealth        | 1 |  1.0
Translocations | 2 4 7 9 10 | 10.0
Fighting       | 4 6 8 |  8.9
Long Blades    | 4 6 9 |  9.8
Evocations     | 4 |  4.4
Shields        | 1 8 |  8.7
Throwing       | 1 |  1.1
Maces & Flails | |  3.0

Action                     |  1- 3 |  4- 6 |  7- 9 | 10-12 | 13-15 || total
---------------------------+-------+-------+-------+-------+-------++-------
  Melee: Mace              |    34 |    90 |    71 |       |       ||   195
         Punch             |       |     4 |     2 |     4 |       ||    10
         Flail             |       |       |    39 |       |       ||    39
         Spear             |       |       |    33 |   584 |       ||   617
         Unarmed           |       |       |     6 |       |       ||     6
         Scimitar          |       |       |       |    86 |   165 ||   251
  Throw: Dart              |       |    15 |    10 |    40 |     2 ||    67
         Throwing net      |       |     1 |       |       |       ||     1
   Cast: Scorch            |     9 |    35 |   140 |   315 |    28 ||   527
 Invoke: Fiery Armour      |     2 |     1 |     2 |     5 |       ||    10
         Foxfire Swarm     |       |       |       |     2 |       ||     2
Ability: Lunge             |       |       |       |     3 |       ||     3
  Evoke: Wand              |       |       |       |    15 |     3 ||    18
    Use: Scroll            |       |     3 |     7 |    10 |     5 ||    25
         Potion            |       |       |       |     5 |     1 ||     6
   Stab: Sleeping          |     1 |       |       |     5 |       ||     6
 Armour: Robe              |    29 |    32 |    51 |   362 |    60 ||   534
         Leather armour    |       |    18 |    66 |       |       ||    84
         Skin              |       |       |    12 |       |    14 ||    26
         Troll leather arm |       |       |       |       |    18 ||    18
  Dodge: Dodged            |    38 |    57 |   250 |   663 |    91 ||  1099
  Block: Other             |       |       |       |    74 |       ||    74
         Kite shield       |       |       |       |   305 |   184 ||   489
         Reflection        |       |       |       |    11 |    13 ||    24
